 Dungeon Crawl Stone Soup version 0.24-a0-417-g1cce26a4d2 (webtiles) character file.

Game seed: 7556516446761585250

34 HAL9000 the Sneak (level 3, 0/18 HPs)
             Began as a Vine Stalker Assassin on June 10, 2019.
             Slain by a hobgoblin
             ... wielding a +0 club
             ... led by Robin
              (6 damage)
             ... on level 2 of the Dungeon.
             The game lasted 00:01:17 (1250 turns).

HAL9000 the Sneak (Vine Stalker Assassin)           Turns: 1250, Time: 00:01:17

Health: 0/18       AC:  3    Str: 14    XL:     3   Next: 31%
Magic:  0/4        EV: 11    Int: 11    God:
Gold:   48         SH:  0    Dex: 15    Spells: 2/2 levels left

rFire    . . .     SeeInvis .   a - +2 dagger
rCold    . . .     Gourm    .   (no shield)
rNeg     . . .     Faith    .   b - +0 robe
rPois    .         Spirit   +   (no helmet)
rElec    .         Reflect  .   c - +0 cloak
rCorr    .         Harm     .   (no gloves)
MR       .....                  (no boots)
Stlth    +++.......             (no amulet)
HPRegen  0.06/turn              (no ring)
MPRegen  0.09/turn              (no ring)

@: no status effects
A: fangs 2, magic shield, antimagic bite, no potion heal 3, rot immunity
a: no special abilities


You were on level 2 of the Dungeon.
You were hungry.

You visited 1 branch of the dungeon, and saw 2 of its levels.

You collected 48 gold pieces.

Inventory:

Hand Weapons
 a - a +2 dagger (weapon)
Missiles
 d - 8 poisoned darts (quivered)
 e - 2 curare-tipped darts
Armour
 b - a +0 robe (worn)
 c - a +0 cloak (worn)
 h - a +0 pair of gloves
Scrolls
 g - 3 scrolls of identify {unknown}
 i - 2 scrolls of teleportation {unknown}
 j - 2 scrolls of fear {unknown}
Potions
 k - a potion of agility {unknown}
 l - a potion of flight {unknown}
Comestibles
 f - 4 rations


   Skills:
 - Level 1.7 Fighting
 + Level 3.3 Short Blades
 - Level 1.7 Throwing
 - Level 0.7 Dodging
 - Level 4.8 Stealth


You had 2 spell levels left.
You didn't know any spells.
Your spell library was empty.

Dungeon Overview and Level Annotations

Branches:
Dungeon (2/15)

Altars:
Ashenzari

Annotations:
D:2 Robin, Sigmund


Innate Abilities, Weirdness & Mutations

You have extremely sharp teeth.
When hurt, damage is shared between your health and your magic reserves.
Your bite disrupts and absorbs the magic of your enemies.
Potions cannot restore your health.
You are immune to rotting.


Message History

You see here a +0 dagger.
Unknown command.
You hit the goblin.
You kill the goblin!
The goblin barely misses you.
Unknown command.
You hit the goblin.
You kill the goblin!
The goblin barely misses you. Robin throws the goblin at you!
The hobgoblin completely misses you.
You hit the goblin. You bite the goblin.
You kill the goblin!
The hobgoblin hits you but does no damage.
The hobgoblin hits you with a +0 club.
Unknown command.
Items here: ( )))) †† You hit the hobgoblin.
The hobgoblin is severely wounded.
The hobgoblin hits you with a +0 club!
You die...

#..................
#.##########.....#.
#.# ##...### #.##
##.## # #..# #.#
##.# #.# #.# ##+##
#.# ##..<## #@#
##.....## #g#
#.......# #gg..#
#.........
g.......+........(
.#....##.#.........
#.#.#.## ##.......#
# #.### ##.....##
#.. ##...## ###
##+#


You could see Robin and 3 hobgoblins.

Vanquished Creatures
  A worm (D:2)
  8 goblins
  2 hobgoblins
  2 jackals (D:1)
  6 bats (D:1)
  3 frilled lizards (D:1)
  2 kobolds (D:1)
  7 rats (D:1)
31 creatures vanquished.

Notes
Turn   | Place    | Note
-------+----------+-------------------------------------------
     0 | D:1      | HAL9000 the Vine Stalker Assassin began the quest for the
                  | Orb.
     0 | D:1      | Reached XP level 1. HP: 11/11 MP: 2/2
   244 | D:1      | Reached XP level 2. HP: 12/15 MP: 3/3
   864 | D:2      | Reached XP level 3. HP: 16/18 MP: 4/4
   890 | D:2      | Noticed Sigmund
  1237 | D:2      | Noticed Robin
  1250 | D:2      | Slain by a hobgoblin

Levels and vault maps discovered:
D:1:      scummos_arrival_simple_fountains, layout_basic,
          kennysheep_another_room, minmay_misc_feat_five, grunt_decor_clamped,
          ashenzari_altar_1
D:2:      layout_loops_corners, uniq_jessica, uniq_sigmund, uniq_robin

Skill      XL: |  1  2 |
---------------+-------+-----
Short Blades   | 2 3 |  3.3
Fighting       | |  1.7
Throwing       | |  1.7
Dodging        | |  0.7
Stealth        | |  4.8

Action                   || total
-------------------------++-------
Melee: Dagger            ||    61
       Bite              ||     7
 Stab: Sleeping          ||     8
Armor: Robe              ||    35
Dodge: Dodged            ||    58

Table legend:
 A = Non-vault XP
 B = Vault XP
 C = Vault XP percentage of total XP
 D = Non-vault monster count
 E = Vault monster count
 F = Vault count percentage of total count
                 A         B        C        D         E       F
            +---------+---------+-------+---------+---------+-------
      Total |      35 |      14 |  28.6 |      24 |       7 |  22.6
            +---------+---------+-------+---------+---------+-------
        D:1 |      28 |       0 |   0.0 |      22 |       0 |   0.0
        D:2 |       7 |      14 |  66.7 |       2 |       7 |  77.8
            +---------+---------+-------+---------+---------+-------
